 Dungeon Crawl Stone Soup version 0.29.0-4-gdea44cf6ec (webtiles) character file.

Game seed: 5286085889164538807

28 qw the Sneak (level 3, -3/23 HPs)
             Began as a Gargoyle Delver on Sept 10, 2022.
             Slain by an orc wizard
             ... wielding a +0 dagger
              (4 damage)
             ... on level 5 of the Dungeon.
             The game lasted 00:00:04 (479 turns).

qw the Sneak (Gargoyle Delver)                       Turns: 479, Time: 00:00:04

Health: -3/23      AC:  6    Str: 17    XL:     3   Next: 14%
Magic:  3/3        EV: 11    Int: 10    God:
Gold:   0          SH:  0    Dex: 11    Spells: 2/2 levels left

rFire   . . .      SeeInvis .   a - +0 hand axe
rCold   . . .      Faith    .   (no shield)
rNeg    + . .      Spirit   .   b - +0 leather armour
rPois   inf        Reflect  .   (no helmet)
rElec   +          Harm     .   (no cloak)
rCorr   .          Rampage  .   (no gloves)
Will    .....                   (no boots)
Stlth   +++.......              (no amulet)
HPRegen 0.07/turn               (no ring)
MPRegen 0.08/turn               (no ring)

@: no status effects
A: sickness immunity, AC +3, negative energy resistance 1, electricity
resistance, torment resistance 1, petrification resistance
a: no special abilities


You were on level 5 of the Dungeon.
You visited 1 branch of the dungeon, and saw 1 of its levels.


Innate Abilities, Weirdness & Mutations

You are immune to sickness and miasma.
Your stone body is resilient. (AC +3)
You are immune to poison.
You resist negative energy. (rN+)
You are resistant to electric shocks. (rElec)
You are resistant to unholy torment.
You are immune to petrification.


   Skills:
 - Level 3.2 Fighting
 + Level 3.2 Axes
 - Level 1.5 Dodging
 - Level 5.4 Stealth


You had 2 spell levels left.
You didn't know any spells.
Your spell library was empty.

Inventory:

Hand Weapons
 a - a +0 hand axe (weapon)
Armour
 b - a +0 leather armour (worn)
Wands
 g - a wand of digging (3)
Scrolls
 c - a scroll of fog
 d - a scroll of magic mapping
 e - a scroll of fear
 h - a scroll of summoning {unknown}
Potions
 f - a potion of haste

Dungeon Overview and Level Annotations

Branches:
Dungeon (5/15)
 Temple: D:4-7

Altars:


Message History

The orc priest hits you with a +0 dagger.
The orc priest invokes the aid of Beogh against you.
Pain shoots through your body!
You hit the orc priest.
The orc priest is almost dead.
The orc priest invokes the aid of Beogh against you.
Pain shoots through your body!
You hit the orc priest.
The orc priest is almost dead.
The orc priest hits you with a +0 dagger.
You hit the orc priest.
You kill the orc priest!
An orc comes into view. It is wielding a +0 whip.
Your Axes skill gained 2 levels and is now at level 3!
You have reached level 2!
You have reached level 3!
Your experience leads to an increase in your attributes!
Increase (S)trength, (I)ntelligence, or (D)exterity?
You feel stronger. x2
403 ||| Stepping ~*~*~tactically~*~*~ (stealth).
You start resting.
An orc wizard comes into view. It is wielding a +0 dagger.
472 ||| Stepping ~*~*~tactically~*~*~ (stealth).
You start resting.
An orc wizard is nearby!
An orc wizard comes into view. It is wielding a +0 dagger.
An orc comes into view. It is wielding a +0 arbalest.
The orc wizard points at you and mumbles some strange words.
The magic dart hits you!
The orc wizard shouts!
The orc shouts!
You hit the orc wizard.
The orc wizard is moderately wounded.
The orc shoots a bolt.
The bolt closely misses you.
The orc wizard gestures wildly while chanting.
The orc wizard flickers and vanishes!
Deactivating autopickup; reactivate with Ctrl-A.
The orc shouts!
Something hits you.
You see here a +0 dagger.
Something hits you.
You die...

... ###.##### ..( #.#
#.#######.##### #
######.##........... #.
...##.##...........
.#..###.##..............
........................
.#.#..{)####............
#...@# ##.##########
#...o# #.....# #....#
#####..# #oo... # #
#..#.# # #..... # #.###.
# #. . . #


You could see an orc wizard and 2 orcs.

Vanquished Creatures
  An orc priest (D:5)
1 creature vanquished.

Vanquished Creatures (others)
  4 fungi (D:5)
  4 plants (D:5)
8 creatures vanquished.

Grand Total: 9 creatures vanquished

Notes
Turn   | Place    | Note
-------+----------+-------------------------------------------
     0 | D:5      | qw the Gargoyle Delver began the quest for the Orb.
     0 | D:5      | Reached XP level 1. HP: 14/14 MP: 1/1
     0 | D:5      | 0 ||| qw: Version: 0.1-a-116-g5d60599
     0 | D:5      | 0 ||| qw: Game counter: 8845
     0 | D:5      | 0 ||| qw: Always use a shield: true
     0 | D:5      | 0 ||| qw: God list: Okawaru
     0 | D:5      | 0 ||| qw: Allow faded altars: false
     0 | D:5      | 0 ||| qw: Do Orc after D:15 true
     0 | D:5      | 0 ||| qw: Do second Lair branch before Depths: true
     0 | D:5      | 0 ||| qw: Lair rune preference: random
     0 | D:5      | 0 ||| qw: Plans: Normal
     0 | D:5      | 0 ||| PLANNING D:1-11
    81 | D:5      | Noticed an orc priest
    82 | D:5      | 82 ||| Stepping ~*~*~tactically~*~*~ (hiding).
   184 | D:5      | 184 ||| Stepping ~*~*~tactically~*~*~ (hiding).
   286 | D:5      | 286 ||| Stepping ~*~*~tactically~*~*~ (hiding).
   388 | D:5      | 388 ||| Stepping ~*~*~tactically~*~*~ (hiding).
   391 | D:5      | 391 ||| Stepping ~*~*~tactically~*~*~ (hiding).
   402 | D:5      | Killed an orc priest
   403 | D:5      | Reached skill level 3 in Axes
   403 | D:5      | Reached XP level 2. HP: 5/19 MP: 2/2
   403 | D:5      | Reached XP level 3. HP: 6/23 MP: 3/3
   403 | D:5      | 403 ||| Stepping ~*~*~tactically~*~*~ (stealth).
   472 | D:5      | 472 ||| Stepping ~*~*~tactically~*~*~ (stealth).
   476 | D:5      | HP: 4/23 [orc wizard/magic dart (8)]
   478 | D:5      | HP: 1/23 [something (3)]
   479 | D:5      | Slain by an orc wizard

Levels and vault maps discovered:
D:5:      layout_basic, fedhas_altar_3

Skill      XL: |  1 |
---------------+----+-----
Axes           | 3 |  3.2
Fighting       | |  3.2
Dodging        | |  1.5
Stealth        | |  5.4

Action                   || total
-------------------------++-------
Melee: Hand axe          ||     9
Armor: Leather armour    ||     1
Dodge: Dodged            ||     2

Table legend:
 A = Non-vault XP
 B = Vault XP
 C = Vault XP percentage of total XP
 D = Non-vault monster count
 E = Vault monster count
 F = Vault count percentage of total count
                 A         B        C        D         E       F
            +---------+---------+-------+---------+---------+-------
      Total |      41 |       0 |   0.0 |       1 |       0 |   0.0
            +---------+---------+-------+---------+---------+-------
        D:5 |      41 |       0 |   0.0 |       1 |       0 |   0.0
            +---------+---------+-------+---------+---------+-------
